 Dungeon Crawl Stone Soup version 0.32-a0-893-gf85d74f360 (webtiles) character file.

Game seed: 5417223428811280048

193 Biggs the Shooter (level 5, 0/57 HPs)
             Began as a Coglin Hunter on Apr 3, 2024.
             Killed from afar by Blork the orc (7 damage)
             ... with a puff of flame
             ... on level 4 of the Dungeon.
             The game lasted 00:07:43 (2750 turns).

Biggs the Shooter (Coglin Hunter)                   Turns: 2750, Time: 00:07:45

Health: 0/57       AC: 22    Str: 11    XL:     5   Next: 72%
Magic:  5/5        EV:  2    Int:  8    God:
Gold:   143        SH:  0    Dex: 18    Spells: 4/4 levels left

rFire   . . .        a - +2 sling {Yeongsuk}
rCold   . . .        d - +0 sling {Kenji}
rNeg    . . .        c - melded +0 leather armour
rPois   +            (helmet currently unavailable)
rElec   .            (cloak currently unavailable)
rCorr   .            s - melded +0 pair of gloves
SInv    .            (boots currently unavailable)
Will    .....        (no amulet)
Stlth   +            (no ring)
HPRegen 0.29/turn    (no ring)
MPRegen 0.09/turn    (no gizmo)

%: no passive effects
@: confused, brilliant, lethally poisoned (0 -> -2), tree-form, invisible
A: stationary, stasis, torment immunity, boosted hp, off-hand wielding, slow
wielding, warmup strikes, (no jewellery), clumsy 1, (fire resistance 1),
persistent drain
a: Invent Gizmo


You were on level 4 of the Dungeon.
You were a tree.
You visited 1 branch of the dungeon, and saw 4 of its levels.

You collected 143 gold pieces.

Inventory:

Hand Weapons
 a - a +2 sling (weapon) {Yeongsuk}
 d - a +0 sling (offhand) {Kenji}
Missiles
 k - 4 curare-tipped darts
Armour
 c - a +0 leather armour (melded)
 s - a +0 pair of gloves (melded)
Wands
 p - a wand of flame (6)
Scrolls
 b - a scroll of butterflies
 h - 2 scrolls of identify {unknown}
 j - a scroll of amnesia {unknown}
 m - a scroll of teleportation {unknown}
 o - a scroll of fear {unknown}
 q - 2 scrolls of noise {unknown}
 r - a scroll of blinking {unknown}
Potions
 e - a potion of lignification
 g - 2 potions of brilliance
 n - a potion of haste {unknown}


   Skills:
 - Level 2.0 Fighting
 + Level 5.6 Ranged Weapons
 - Level 3.0 Dodging
 - Level 0.7 Stealth


You had 4 spell levels left.
You didn't know any spells.
Your spell library contained the following spells:

 Spells                   Type           Power      Damage    Failure   Level
 Slow                     Hex            0%         N/A       41%         1
 Confusing Touch          Hex            0%         N/A       78%         3
 Dazzling Flash           Conj/Hex       0%         N/A       78%         3
 Vampiric Draining        Necr           0%         2d6       78%         3
 Starburst                Conj/Fire      0%         6d3       100%        6
 Maxwell's Capacitive Co  Air            0%         ∞         100%        8


Dungeon Overview and Level Annotations

Branches:
Dungeon (4/15)
 Temple: D:4-7

Altars:
Sif Muna

Annotations:
D:4 Blork the orc, Sigmund


Innate Abilities, Weirdness & Mutations

You are a tree.
Your roots penetrate the ground, keeping you stationary.
You cannot be teleported.
You are immune to unholy pain and torment.
Your maximum health is greatly increased.
Your equipment is partially melded.
You can wield a second weapon in your off-hand.
It takes a long time for you to wield or remove held weapons.
Your first few attacks do less damage.
((You cannot equip rings or amulets.))
You are clumsy. (Dex -2)
((Your flesh is heat resistant. (rF+)))
Your health recovers twice as slowly from being drained.


Message History

Blork the orc hits you but does no damage.
Unknown command.
Fire: a) +2 sling {Yeongsuk}
Press: ? - help, Q - select action, (/) - cycle Shift-Dir - straight line You shoot a sling bullet. x2
You feel very sick.
Blork the orc hits you but does no damage.
Something completely misses you.
Blork the orc hits you but does no damage.
Unknown command.
Fire: a) +2 sling {Yeongsuk}
Press: ? - help, Q - select action, (/) - cycle Shift-Dir - straight line You shoot a sling bullet. x2
You feel sick. Something hits you but does no damage.
Blork the orc hits you but does no damage.
Unknown command.
Unknown command.
Fire: a) +2 sling {Yeongsuk}
Press: ? - help, Q - select action, (/) - cycle Shift-Dir - straight line You shoot a sling bullet. x2
You feel sick.
Blork the orc hits you but does no damage.
You hear some strange, mumbled words.
You are confused.
Blork the orc hits you but does no damage.
Unknown command.
Non-targeted confused fire: a) +2 sling {Yeongsuk}
Press: ? - help, Q - select action, (/) - cycle Dir - look around, f - activate You shoot a sling bullet.
The sling bullet barely misses Blork the orc.
You shoot a sling bullet.
The sling bullet barely misses Blork the orc.
You feel sick. Blork the orc casts a spell at you.
The puff of flame hits you but does no damage.
Something hits you but does no damage.
Blork the orc gestures at you while chanting.
The puff of flame hits you!
You die...
Blork the orc shouts, "I believe in me!"

..... #... ... ###?..
... #.#..) ... ..
##....# ..##..
#....)##...... .
#..)o.#....#
..##..{♣......#
#...#.##....#..
##.........##..........
####^.....###.........
#..................##
#...................#
#...................#
##...................
##........##........


You could see Blork the orc (fast, unable to see you).

Vanquished Creatures
  An orc wizard (D:4)
  A sleepcap (D:3)
  7 adders
  2 dart slugs
  2 ribbon worms
  2 orcs (D:4)
  8 endoplasms
  A giant cockroach (D:3)
  10 goblins
  7 hobgoblins
  4 quokkas
  3 ball pythons
  6 bats
  2 frilled lizards
  7 kobolds
  7 rats
70 creatures vanquished.

Notes
Turn   | Place    | Note
-------+----------+-------------------------------------------
     0 | D:1      | Biggs the Coglin Hunter began the quest for the Orb.
     0 | D:1      | Reached XP level 1. HP: 16/16 MP: 1/1
   101 | D:1      | Reached skill level 4 in Ranged Weapons
   101 | D:1      | Reached XP level 2. HP: 20/22 MP: 2/2
   289 | D:1      | Reached XP level 3. HP: 27/27 MP: 3/3
   465 | D:1      | Upgraded the game from 0.32-a0-886-g41c5271027 to
                  | 0.32-a0-893-gf85d74f360
  1095 | D:2      | Reached XP level 4. HP: 33/33 MP: 4/4
  1366 | D:2      | Found a shimmering blue altar of Sif Muna.
  1727 | D:3      | Reached skill level 5 in Ranged Weapons
  1791 | D:3      | Reached XP level 5. HP: 38/38 MP: 5/5
  2515 | D:4      | Noticed Sigmund
  2730 | D:4      | Noticed Blork the orc
  2741 | D:4      | Gained mutation: You are clumsy. (Dex -2) [potion of
                  | mutation]
  2741 | D:4      | Gained mutation: Your health recovers twice as slowly from
                  | being drained. [potion of mutation]
  2741 | D:4      | Gained mutation: Your flesh is heat resistant. (rF+)
                  | [potion of mutation]
  2750 | D:4      | Killed from afar by Blork the orc

Illustrated notes

Levels and vault maps discovered:
D:1:      pf_arrival_petrified_forest, layout_basic
D:2:      layout_basic, basic_altar, serial_aquarium,
          aquarium_bridge_long_joined [aquarium_subvault_bridge,
          aquarium_subvault_bridge, aquarium_subvault_wall,
          aquarium_subvault_window, aquarium_subvault_bridge,
          aquarium_subvault_window], aquarium_bridge_straight
          [aquarium_subvault_bridge, aquarium_subvault_window,
          aquarium_subvault_bridge, aquarium_subvault_window],
          aquarium_window_2, aquarium_window_1, aquarium_view_2a,
          aquarium_view_2g, aquarium_balcony_double_4, aquarium_pool_2
D:3:      layout_loops_corners, minmay_misc_feat_iff
D:4:      layout_cave_pools, zin_treasury, hellmonk_ghost_happy_afterlife,
          minmay_divided_ellipse, uniq_sigmund, uniq_eustachio,
          uniq_blork_the_orc

Skill      XL: |  1  2  3  4 |
---------------+-------------+-----
Ranged Weapons | 4 5 |  5.6
Dodging        | 3 |  3.0
Fighting       | |  2.0
Stealth        | |  0.7

Action                     |  1- 3 |  4- 6 || total
---------------------------+-------+-------++-------
   Fire: Sling             |   140 |   214 ||   354
  Throw: Dart              |       |     1 ||     1
    Use: Potion            |       |     5 ||     5
 Armour: Leather armour    |    11 |    17 ||    28
         Skin              |       |    30 ||    30
  Dodge: Dodged            |    11 |    19 ||    30

Table legend: (Time is in decaauts)
 A = Elapsed time spent in this place.
 B = Non-inter-level travel time spent in this place.
 C = Inter-level travel time spent in this place.
 D = Time resting spent in this place.
 E = Time spent auto-exploring this place.
 F = Levels seen in this place.
 G = Mean time per level.
                   A        B        C        D        E       F      G
               +--------+--------+--------+--------+--------+-----+--------+
         Total |   2786 |   2650 |    136 |    162 |   2103 |   4 |  696.5 |
       Dungeon |   2786 |   2650 |    136 |    162 |   2103 |   4 |  696.5 |
               +--------+--------+--------+--------+--------+-----+--------+

Top non-repeatable levels by time:
     D:3: 1058 daAuts
     D:1: 961 daAuts
     D:2: 653 daAuts
     D:4: 112 daAuts
